 Dungeon Crawl Stone Soup version 0.29-a0-474-gdfe5cd140f (webtiles) character file.

Game seed: 15703163820541320087

2546 xian the Cleaver (level 9, -2/78 HPs)
             Began as a Minotaur Fighter on May 23, 2022.
             Was an Initiate of Gozag.
             Slain by an unseen horror (6 damage)
             ... on level 8 of the Dungeon.
             The game lasted 00:25:08 (8072 turns).

xian the Cleaver (Minotaur Fighter)                 Turns: 8072, Time: 00:25:08

Health: -2/78      AC: 13    Str: 31    XL:     9   Next: 30%
Magic:  0/8        EV: 10    Int:  5    God:    Gozag
Gold:   460        SH:  4    Dex: 10    Spells: 8/8 levels left

rFire   + . .      SeeInvis .   y - +2 war axe (freeze)
rCold   x . .      Faith    .   c - +0 buckler
rNeg    . . .      Spirit   +   b - +0 scale mail
rPois   .          Reflect  .   w - +2 hat
rElec   .          Harm     .   G - +0 cloak
rCorr   .          Rampage  .   (no gloves)
Will    .....                   a - +0 pair of boots
Stlth   ..........              H - amulet of guardian spirit
HPRegen 0.23/turn               j - ring of fire
MPRegen 0.11/turn               O - +6 ring of strength

@: about to teleport
A: horns 2, retaliatory headbutt, iridescent scales 1
a: Renounce Religion, Potion Petition, Call Merchant, Bribe Branch


You were on level 8 of the Dungeon.
You worshipped Gozag.
Gozag was aware of your devotion.
You visited 2 branches of the dungeon, and saw 9 of its levels.

You collected 559 gold pieces.
You paid 99 gold pieces to Gozag.

Inventory:

Hand Weapons
 y - a +2 war axe of freezing (weapon)
Armour
 a - a +0 pair of boots (worn)
 b - a +0 scale mail (worn)
 c - a +0 buckler (worn)
 q - a scarf of resistance
 w - a +2 hat (worn)
 D - a +2 helmet
 G - a +0 cloak (worn)
Jewellery
 j - a ring of fire (left hand)
 z - a ring of protection from cold
 H - an amulet of guardian spirit (around neck)
 I - a ring of positive energy
 O - a +6 ring of strength (right hand)
Wands
 s - a wand of iceblast (14)
 t - a wand of acid (11)
 L - a wand of paralysis (8)
 M - a wand of mindburst (4)
Scrolls
 f - a scroll of torment {unknown}
 g - a scroll of immolation {unknown}
 h - 5 scrolls of teleportation
 k - 2 scrolls of noise {unknown}
 o - 3 scrolls of magic mapping
 p - a scroll of blinking {unknown}
 r - 3 scrolls of fog
 u - a scroll of vulnerability {unknown}
 x - a scroll of fear {unknown}
 A - 3 scrolls of amnesia
 J - 3 scrolls of enchant armour {unknown}
 P - a scroll of poison {unknown}
Potions
 d - a potion of might
 e - 2 potions of cancellation {unknown}
 i - 3 potions of mutation
 l - a potion of berserk rage
 m - 2 potions of haste
 n - a potion of attraction {unknown}
 v - 6 potions of curing
 B - 2 potions of degeneration {unknown}
 C - 2 potions of flight
 E - a potion of resistance {unknown}
 F - a potion of lignification {unknown}
 K - 2 potions of brilliance
 N - a potion of heal wounds {unknown}


   Skills:
 + Level 6.4(3.2) Fighting
 + Level 3.9(1.9) Long Blades
 + Level 9.8(5.9) Axes
 + Level 0.8(3.1) Maces & Flails
 + Level 8.1(4.1) Armour
 + Level 3.9(1.9) Dodging
 + Level 1.1(0.5) Stealth
 + Level 5.1(2.5) Shields


You had 8 spell levels left.
You didn't know any spells.
Your spell library contained the following spells:

 Spells                   Type           Power      Damage    Failure   Level
 Apportation              Tloc           0%         N/A       80%         1
 Foxfire                  Conj/Fire      0%         2x1d4     80%         1
 Blink                    Tloc           0%         N/A       91%         2
 Static Discharge         Conj/Air       0%         N/A       91%         2
 Confusing Touch          Hex            0%         N/A       99%         3
 Mephitic Cloud           Conj/Pois/Air  0%         N/A       99%         3
 Alistair's Intoxication  Tmut/Pois      0%         N/A       100%        5
 Manifold Assault         Tloc           0%         N/A       100%        5
 Yara's Violent Unravell  Hex/Tmut       0%         3d3       100%        5
 Enfeeble                 Hex            0%         N/A       100%        7
 Storm Form               Tmut/Air       0%         N/A       100%        7


Dungeon Overview and Level Annotations

Branches:
Dungeon (8/15)             Temple (1/1) D:4
   Lair: D:8-11

Altars:
Ashenzari
Cheibriados
Dithmenos
Elyvilon
Fedhas
Gozag
Hepliaklqana
Kikubaaqudgha
Makhleb
Nemelex Xobeh
Okawaru
Qazlal
Ru
Sif Muna
Trog
Uskayaw
Vehumet
Wu Jian
Xom
Yredelemnul
Zin


Innate Abilities, Weirdness & Mutations

You have a pair of horns on your head.
You reflexively headbutt those who attack you in melee.
You are partially covered in iridescent scales. (AC +2)


Message History

Something hits you but does no damage.
Something hits you but does no damage. x2
Something hits you but does no damage. x2
Something hits you but does no damage. Something hits you but does no damage.
Something hits you but does no damage. Something hits you but does no damage.
Something hits you but does no damage. Something hits you.
You block something's attack. Something hits you but does no damage.
Something hits you!
Something hits you! x2; Something hits you.
You hit something but do no damage. Your headbutt misses something.
Something hits you but does no damage.
You slash something! You freeze something.
Something hits you but does no damage. Something hits you!
* * * LOW HITPOINT WARNING * * *
Something hits you but does no damage.
Unknown command.
Something hits you but does no damage.
Okay, then.
You miss something. Something hits you.
* * * LOW HITPOINT WARNING * * *
Something hits you!
* * * LOW HITPOINT WARNING * * *
Something hits you but does no damage. Something hits you but does no damage.
Something hits you.
* * * LOW HITPOINT WARNING * * *
Unknown command.
As you read the scroll of teleportation, it crumbles to dust.
You feel strangely unstable. Something hits you but does no damage.
Something hits you.
* * * LOW HITPOINT WARNING * * *
Something hits you.
* * * LOW HITPOINT WARNING * * *
You closely miss something. Something hits you!
You die...
Your body crumbles into a pile of gold.

#.....# #.'.............'..#
#.....# #.###'###.###'###.##
####### #.# #.# #.# #.# #.#
# #.# #.###.###.# #.# #.. #
#.# #...'.'...# #.## #..# #
#.# #####.##### #..##..# #
##.# #.# #..#..# #
#..#######'#######....# #
##........@............# ##
##....######............####
.#####.....#
#.....<..........
...........#
##...#####....####
......##...# #...## ##..##
########...# ##..## #..#
#....# #...# ##..##
#.....##...## ###....####
.......###..####.........#


There were no monsters in sight!

Vanquished Creatures
  Pikel (D:4)
  A troll (D:7)
  Menkaure (D:7)
  Duvessa (D:6)
  An ice beast (D:7)
  A bullfrog (D:7)
  2 necrophages
  4 scorpions
  3 wights (D:7)
  Dowan (D:6)
  7 killer bees (D:7)
  4 orc priests
  A hound (D:5)
  6 jellies
  4 iguanas
  An orc wizard (D:5)
  12 adders
  A shadow imp (D:6)
  A dart slug (D:4)
  17 orcs
  7 endoplasms
  2 giant cockroaches
  6 hobgoblins
  5 jackals
  6 kobolds
  3 quokkas (D:2)
  10 ball pythons
  5 bats
  2 frilled lizards
  7 goblins
  6 rats
  A spectral kobold (D:6)
130 creatures vanquished.

Notes
Turn   | Place    | Note
-------+----------+-------------------------------------------
     0 | D:1      | xian the Minotaur Fighter began the quest for the Orb.
     0 | D:1      | Reached XP level 1. HP: 19/19 MP: 0/0
     1 | D:1      | Upgraded the game from 0.29-a0-472-ge5599a681e to
                  | 0.29-a0-474-gdfe5cd140f
    50 | D:1      | Got the Handbook of the Volcanoes and Attacks
   290 | D:1      | Reached XP level 2. HP: 27/27 MP: 1/1
   506 | D:1      | Reached skill level 1 in Dodging
   781 | D:1      | Reached XP level 3. HP: 28/33 MP: 2/2
  1101 | D:2      | Found a faded altar of an unknown god.
  1527 | D:2      | Reached XP level 4. HP: 37/40 MP: 3/3
  2736 | D:4      | Reached skill level 1 in Axes
  2736 | D:4      | Reached XP level 5. HP: 45/46 MP: 4/4
  2759 | D:4      | Reached skill level 2 in Axes
  3264 | D:4      | Found a staircase to the Ecumenical Temple.
  3282 | Temple   | Entered the Ecumenical Temple
  3487 | Temple   | Became a worshipper of Ashenzari the Shackled
  3531 | D:5      | Entered Level 5 of the Dungeon
  3538 | D:5      | Reached skill level 5 in Armour
  3538 | D:5      | Reached XP level 6. HP: 42/53 MP: 5/5
  3693 | D:5      | Reached skill level 3 in Axes
  3867 | D:5      | Noticed Pikel
  3903 | D:4      | Gained mutation: You are partially covered in iridescent
                  | scales. (AC +2) [potion of mutation]
  3909 | D:4      | Killed Pikel
  3910 | D:4      | Reached skill level 5 in Fighting
  3910 | D:4      | Reached skill level 5 in Axes
  3910 | D:4      | Reached XP level 7. HP: 19/61 MP: 6/6
  4496 | D:5      | Reached skill level 6 in Axes
  4621 | D:5      | Reached XP level 8. HP: 65/69 MP: 7/7
  5242 | D:6      | Found an opulent altar of Gozag.
  5243 | D:6      | Found a glowing silver altar of Zin.
  5256 | D:6      | Fell from the grace of Ashenzari
  5256 | D:6      | Became a worshipper of Gozag Ym Sagoz the Greedy
  5339 | D:6      | Reached skill level 7 in Axes
  5443 | D:6      | Noticed Duvessa
  5444 | D:6      | Noticed Dowan
  5462 | D:6      | Killed Duvessa
  5473 | D:6      | Killed Dowan
  5823 | D:6      | Reached skill level 5 in Shields
  6022 | D:6      | Found a hazy altar of Hepliaklqana.
  6063 | D:6      | Found a shimmering blue altar of Sif Muna.
  6072 | D:6      | Found an ancient bone altar of Kikubaaqudgha.
  6336 | D:7      | Noticed a troll
  6346 | D:7      | Killed a troll
  6347 | D:7      | Reached skill level 8 in Axes
  6378 | D:7      | HP: 3/70 [poisoned by a killer bee]
  6739 | D:7      | Reached skill level 1 in Stealth
  6743 | D:7      | Reached XP level 9. HP: 69/74 MP: 8/8
  7018 | D:7      | Reached skill level 9 in Axes
  7125 | D:7      | Noticed Menkaure
  7127 | D:7      | Killed Menkaure
  8071 | D:8      | HP: 3/78 [something (2)]
  8072 | D:8      | Slain by an unseen horror

Illustrated notes

Levels and vault maps discovered:
D:1:      nzn_arrival_depleted_hourglass, layout_basic, corner_web_ring
D:2:      layout_loops_ring, ebering_ecumenical_altar_rust
D:3:      layout_loops_ring, minmay_pentangle
D:4:      layout_rooms, minmay_temple_entry_grid
D:5:      layout_loops_corners, uniq_pikel
D:6:      layout_layer_cave, nicolae_hepliaklqana_monster_ancestors,
          grunt_temple_overflow_gold_and_silver, mainiacjoe_overflow_swirl,
          chequers_serial_rivers_small_a, uniq_duvessa
D:7:      layout_gridville, nicolae_ossuary_entry_plus, st_stairs_7,
          uniq_menkaure
D:8:      layout_layer_cave, serial_shops, nicolae_inconvenience_store,
          grunt_ministairs_1, minmay_door_square
Temple:   lightli_temple_of_artemis

Skill      XL: |  1  2  3  4  5  6  7  8  9 |
---------------+----------------------------+-----
Shields        | 4 5 |  5.1
Armour         | 4 5 6 7 8 |  8.1
Dodging        | 1 2 3 |  3.9
Fighting       | 4 5 6 |  6.4
Long Blades    | 3 |  3.9
Axes           | 1 2 5 6 8 9 |  9.8
Stealth        | 1 |  1.1
Maces & Flails | |  0.8

Action                   |  1- 3 |  4- 6 |  7- 9 || total
-------------------------+-------+-------+-------++-------
Melee: Long sword        |    96 |    43 |       ||   139
       Headbutt          |    11 |     9 |    21 ||    41
       War axe           |       |    65 |   114 ||   179
       Mace              |       |     4 |       ||     4
  Use: Potion            |       |     2 |     3 ||     5
       Scroll            |       |       |     9 ||     9
Armor: Scale mail        |    40 |    66 |    73 ||   179
Dodge: Dodged            |    46 |    60 |    64 ||   170
Block: Buckler           |    26 |    30 |    25 ||    81

Table legend: (Time is in decaauts)
 A = Elapsed time spent in this place.
 B = Non-inter-level travel time spent in this place.
 C = Inter-level travel time spent in this place.
 D = Time resting spent in this place.
 E = Time spent auto-exploring this place.
 F = Levels seen in this place.
 G = Mean time per level.
                   A        B        C        D        E       F      G
               +--------+--------+--------+--------+--------+-----+--------+
         Total |   8163 |   8043 |    120 |    283 |   5938 |   9 |  907.0 |
       Dungeon |   7938 |   7818 |    120 |    283 |   5938 |   8 |  992.2 |
        Temple |    224 |    224 |      0 |      0 |      0 |   1 |  224.0 |
               +--------+--------+--------+--------+--------+-----+--------+

Top non-repeatable levels by time:
     D:7: 1535 daAuts
     D:6: 1453 daAuts
     D:5: 1106 daAuts
     D:3: 1093 daAuts
     D:4: 902 daAuts
     D:1: 855 daAuts
     D:2: 771 daAuts
  Temple: 224 daAuts
     D:8: 219 daAuts
